 Dungeon Crawl Stone Soup version 0.30-a0-799-g109b55a442 (webtiles) character file.

Game seed: 14150590297665774489

395994 demibob the Impregnable (level 22, -16/194 (222) HPs)
             Began as a Minotaur Fighter on Feb 20, 2023.
             Was an Initiate of Gozag.
             Killed from afar by a Tzitzimitl (19 damage)
             ... with a bolt of negative energy
             ... called by a doom hound
             ... on level 2 of the Crypt on Feb 21, 2023.
             The game lasted 02:18:47 (77330 turns).

demibob the Impregnable (Minotaur Fighter)         Turns: 77330, Time: 02:18:47

HP:   -16/194 (222) AC: 45    Str: 28    XL:     22   Next: 18%
MP:   1/21          EV: 18    Int:  7    God:    Gozag
Gold: 302           SH:  0    Dex: 12    Spells: 21/21 levels left

rFire   + + +      SeeInvis .    a - +1 great sword (elec)
rCold   + + +      Faith    .    (shield currently unavailable)
rNeg    . . .      Spirit   .    d - +9 gold dragon scales
rPois   +          Reflect  .    q - +1 hat of the Armadillo {rCorr Slay+3}
rElec   +          Harm     .    X - scarf {rC+ rF+}
rCorr   +          Rampage  .    K - +3 Mad Mage's Maulers {Infuse+∞ VampMP -Cast}
Will    +....      NoCast   +    l - +2 pair of boots Stlth
                                 Z - amulet of the Air {Inacc Air Fly rElec RMsl}
HPRegen 0.52/turn                e - +5 ring of evasion
MPRegen 0.17/turn                Y - +4 ring of slaying

@: resistant, afraid, on berserk cooldown, flying, slowed, heavily drained,
invisible, repel missiles, very slow
A: horns 2, retaliatory headbutt
}: 2/15 runes: decaying, gossamer
a: Renounce Religion, Potion Petition, Call Merchant, Bribe Branch


You were on level 2 of the Crypt.
You worshipped Gozag.
Gozag was aware of your devotion.
You visited 9 branches of the dungeon, and saw 41 of its levels.
You also visited: Sewer.

You collected 19961 gold pieces.
You spent 3764 gold pieces at shops.
You paid 15895 gold pieces to Gozag.


Innate Abilities, Weirdness & Mutations

You have a pair of horns on your head.
You reflexively headbutt those who attack you in melee.


   Skills:
 - Level 23.8 Fighting
 + Level 24.0 Long Blades
 - Level 25.2 Armour
 + Level 17.0 Dodging
 - Level 3.6 Shields
 - Level 13.2 Evocations


You had 21 spell levels left.
You didn't know any spells.
Your spell library contained the following spells:

 Spells                   Type           Power      Damage    Failure   Level
 Apportation              Tloc           0%         N/A       97%         1
 Beastly Appendage        Tmut           0%         N/A       97%         1
 Freeze                   Ice            0%         1d3       97%         1
 Magic Dart               Conj           0%         1d3       97%         1
 Necrotise                Necr           0%         1d4       97%         1
 Sandblast                Erth           0%         2d4       97%         1
 Slow                     Hex            0%         N/A       97%         1
 Summon Small Mammal      Summ           0%         N/A       97%         1
 Blink                    Tloc           0%         N/A       99%         2
 Ensorcelled Hibernation  Hex/Ice        0%         N/A       99%         2
 Lesser Beckoning         Tloc           0%         N/A       99%         2
 Momentum Strike          Conj/Tloc      0%         3d8       99%         2
 Passwall                 Tmut/Erth      0%         N/A       99%         2
 Scorch                   Fire           0%         2d5       99%         2
 Searing Ray              Conj           0%         2d4       99%         2
 Sublimation of Blood     Necr           0%         N/A       99%         2
 Wereblood                Tmut           0%         N/A       99%         2
 Call Canine Familiar     Summ           0%         N/A       100%        3
 Confusing Touch          Hex            0%         N/A       100%        3
 Frozen Ramparts          Ice            0%         1d1       100%        3
 Gell's Gravitas          Tloc           0%         N/A       100%        3
 Hailstorm                Conj/Ice       0%         3d3       100%        3
 Inner Flame              Hex/Fire       0%         N/A       100%        3
 Kindle Blastsparks       Fire/Tloc/Air  0%         2d10      100%        3
 Ozocubu's Armour         Ice            0%         N/A       100%        3
 Portal Projectile        Hex/Tloc       0%         N/A       100%        3
 Spider Form              Tmut/Pois      0%         N/A       100%        3
 Stone Arrow              Conj/Erth      0%         3d7       100%        3
 Summon Guardian Golem    Hex/Summ       0%         N/A       100%        3
 Swiftness                Air            0%         N/A       100%        3
 Teleport Other           Tloc           0%         N/A       100%        3
 Vampiric Draining        Necr           0%         2d6       100%        3
 Vhi's Electric Charge    Tloc/Air       0%         N/A       100%        3
 Airstrike                Air            0%         2d(0-16)  100%        4
 Anguish                  Hex/Necr       0%         N/A       100%        4
 Cause Fear               Hex            0%         N/A       100%        4
 Flame Wave               Conj/Fire      0%         2d4       100%        4
 Fulminant Prism          Conj/Hex       0%         3d5       100%        4
 Iskenderun's Mystic Bla  Conj/Tloc      0%         2d3       100%        4
 Leda's Liquefaction      Hex/Erth       0%         N/A       100%        4
 Passage of Golubria      Tloc           0%         N/A       100%        4
 Petrify                  Tmut/Erth      0%         N/A       100%        4
 Summon Ice Beast         Ice/Summ       0%         N/A       100%        4
 Summon Lightning Spire   Summ/Air       0%         N/A       100%        4
 Agony                    Necr           0%         N/A       100%        5
 Alistair's Intoxication  Tmut/Pois      0%         N/A       100%        5
 Arcjolt                  Conj/Air       0%         1d10      100%        5
 Blade Hands              Tmut           0%         N/A       100%        5
 Borgnjor's Vile Clutch   Necr/Erth      0%         N/A       100%        5
 Irradiate                Conj/Tmut      0%         3d11      100%        5
 Lee's Rapid Deconstruct  Erth           0%         3d4*      100%        5
 Lightning Bolt           Conj/Air       0%         1d11      100%        5
 Silence                  Hex/Air        0%         N/A       100%        5
 Summon Forest            Summ/Tloc      0%         N/A       100%        5
 Summon Mana Viper        Hex/Summ       0%         N/A       100%        5
 Death Channel            Necr           0%         N/A       100%        6
 Summon Cactus Giant      Summ           0%         N/A       100%        6
 Dragon Form              Tmut           0%         N/A       100%        7
 Enfeeble                 Hex            0%         N/A       100%        7
 Monstrous Menagerie      Summ           0%         N/A       100%        7
 Spellforged Servitor     Conj/Summ      0%         N/A       100%        7
 Storm Form               Tmut/Air       0%         N/A       100%        7
 Summon Hydra             Summ           0%         N/A       100%        7
 Discord                  Hex            0%         N/A       100%        8
 Disjunction              Tloc           0%         N/A       100%        8
 Lehudib's Crystal Spear  Conj/Erth      0%         10d2      100%        8
 Maxwell's Capacitive Co  Air            0%         ∞         100%        8
 Necromutation            Tmut/Necr      0%         N/A       100%        8
 Chain Lightning          Conj/Air       0%         N/A       100%        9
 Fire Storm               Conj/Fire      0%         5d1       100%        9
 Shatter                  Erth           0%         3d5*      100%        9
 Animate Dead             Necr           Unusable   N/A       N/A         4

Inventory:

Hand Weapons
 a - a +1 great sword of electrocution (weapon)
 b - a +0 great sword of protection
Armour
 d - +9 gold dragon scales (worn)
 l - a +2 pair of boots (worn)
 q - the +1 hat of the Armadillo (worn) {rCorr Slay+3}
   (You acquired it on level 1 of the Spider Nest)

   Slay:      It affects your accuracy & damage with ranged weapons and melee
   (+3).
   rCorr:     It protects you from acid and corrosion.
 K - the +3 Mad Mage's Maulers (worn) {Infuse+∞ VampMP -Cast}
   (You found it on level 12 of the Dungeon)

   Infuse+∞: It empowers its wearer's blows with all of their magic.
   VampMP:    Blows struck in melee replenish the wearer's magic.
   -Cast:     It prevents spellcasting.
 X - a scarf of resistance (worn)
Jewellery
 e - a +5 ring of evasion (left hand)
 v - a ring of see invisible
 P - a ring of poison resistance
 R - a ring of resist corrosion
 Y - a +4 ring of slaying (right hand)
 Z - the amulet of the Air (around neck) {Inacc Air Fly rElec RMsl}
   (You bought it in a shop on level 2 of the Elven Halls)

   [amulet of nothing]

   Inacc:     It reduces the accuracy of your attacks and spells.
   Air:       It enhances your air magic.
   rElec:     It insulates you from electricity.
   Fly:       It grants you flight.
   RMsl:      It protects you from missiles.
Wands
 i - a wand of polymorph (11)
 k - a wand of mindburst (19)
 y - a wand of digging (6)
 B - a wand of light (6)
 G - a wand of flame (15)
 I - a wand of charming (23)
 U - a wand of iceblast (7)
Scrolls
 n - 2 scrolls of poison
 p - 9 scrolls of enchant weapon
 s - 4 scrolls of magic mapping
 t - 2 scrolls of fog
 u - 4 scrolls of teleportation {@r2}
 J - 2 scrolls of fear
Potions
 f - 4 potions of cancellation
 h - 3 potions of invisibility
 j - 11 potions of mutation
 m - 9 potions of haste {@q3}
 r - 4 potions of resistance
 z - 8 potions of flight
 M - 8 potions of might
 Q - 4 potions of berserk rage {!q}
 W - 12 potions of curing {@q1}
Miscellaneous
 g - a box of beasts
 x - a condenser vane
 D - a lightning rod (4/4)
 O - a phantom mirror

Dungeon Overview and Level Annotations

Branches:
Dungeon (15/15)            Temple (1/1) D:4            Lair (5/5) D:11
  Swamp (4/4) Lair:2       Spider (4/4) Lair:3        Slime (0/5) Lair:4
    Orc (2/2) D:10            Elf (3/3) Orc:2        Vaults (4/5) D:13
  Crypt (3/3) Vaults:2     Depths (0/4) D:15          Sewer (visited)
   Tomb: Crypt:3

Altars:
Ashenzari
Cheibriados
Dithmenos
Elyvilon
Fedhas
Gozag
Kikubaaqudgha
Makhleb
Qazlal
Ru
Vehumet
Xom
Yredelemnul
Zin
The Shining One
Jiyva

Shops:
D:1 ?[*([   D:10 (((   D:11 ?(?   D:12 [   D:13 ((*   D:14 (   Orc:2 *[=!
Elf:1 *(=[   Elf:2 =!?=   Lair:3 =   Vaults:2 *

Portals:
Trove: Vaults:1 (give 2 scrolls of acquirement)

Annotations:
D:7 2 transporters, bigduke15's ghost, novice FoFi
D:8 4 runed translucent doors
Crypt:1 2 transporters

......................▒
.. ▒..▒ .. '..▒ .. ▒..▒
.. ▒..▒ .. ▒..▒ . ▒$.▒
....▒▒▒▒▒▒▒▒▒▒..▒
.........1@.....▒
.........W...$..▒
▒▒▒▒▒▒▒▒▒▒▒▒▒▒▒▒▒


You could see a Tzitzimitl and an eidolon (scary).


Message History

You headbutt the eidolon. The eidolon misses you. The Tzitzimitl misses you.
The Tzitzimitl completely misses you.
You closely miss the Tzitzimitl.
The Tzitzimitl is severely wounded.
The eidolon hits you!
* * * LOW HITPOINT WARNING * * *
The eidolon drains your vigour!
You feel as though you will be slow longer.
The eidolon hits you but does no damage.
The Tzitzimitl engulfs you but does no damage.
The Tzitzimitl bites you but does no damage.
The eidolon stares piercingly at you. The bolt of negative energy misses you.
Use which ability? (? or * to list)
You need at least 400 gold to purchase potions right now!
Okay, then.
Okay, then.
Enter note: how
Press: ? - help, v - describe, . - travel
Here: a Tzitzimitl (severely wounded)
The floor.
Unknown command.
Unknown command.
Unknown command.
You slash the Tzitzimitl! Your headbutt misses the Tzitzimitl.
The Tzitzimitl is almost dead.
The Tzitzimitl gestures at you. The bolt of negative energy hits you!!
You feel drained.
You die...
Your body crumbles into a pile of gold.

Skill      XL: |  1  2  3  4  5  6  7  8  9 10 11 12 13 14 15 16 17 18 19 20 21 22 |
---------------+-------------------------------------------------------------------+-----
Long Blades    | 3 4 7 9 10 12 13 15 17 19 20 21 23 24 | 24.0
Armour         | 5 8 10 13 15 17 18 19 20 21 22 24 25 | 25.2
Fighting       | 4 9 13 15 16 18 19 21 23 | 23.8
Dodging        | 7 10 13 16 17 | 17.0
Evocations     | 2 7 9 11 13 | 13.2
Shields        | |  3.6

Action                     |  1- 3 |  4- 6 |  7- 9 | 10-12 | 13-15 | 16-18 | 19-21 | 22-24 || total
---------------------------+-------+-------+-------+-------+-------+-------+-------+-------++-------
  Melee: Long sword        |    98 |    78 |   214 |   581 |    23 |       |       |       ||   994
         Headbutt          |    12 |    13 |    33 |   123 |   235 |   407 |   363 |    42 ||  1228
         Punch             |       |       |     4 |     6 |       |       |       |       ||    10
         Unarmed           |       |       |       |     3 |       |       |       |       ||     3
         Great sword       |       |       |       |       |   986 |  1506 |  1544 |   143 ||  4179
         Broad axe         |       |       |       |       |     5 |     3 |       |       ||     8
 Invoke: Call Merchant     |       |       |       |     1 |     4 |     4 |     2 |       ||    11
         Potion Petition   |       |       |       |       |       |       |       |     4 ||     4
  Evoke: Wand              |       |       |     6 |    17 |    10 |       |       |       ||    33
         Box of beasts     |       |       |       |       |       |     2 |       |       ||     2
         Phantom mirror    |       |       |       |       |       |     1 |       |       ||     1
         Lightning rod     |       |       |       |       |       |     4 |     2 |       ||     6
    Use: Potion            |     2 |     1 |     2 |     7 |     5 |    16 |     9 |     5 ||    47
         Scroll            |     1 |     5 |    12 |     8 |    15 |    11 |    12 |     6 ||    70
   Stab: Distracted        |       |       |     1 |    17 |    10 |    13 |     9 |       ||    50
         Petrified         |       |       |       |       |     2 |       |       |       ||     2
         Invisible         |       |       |       |       |       |    10 |       |       ||    10
         Confused          |       |       |       |       |       |       |     1 |       ||     1
 Armour: Scale mail        |    53 |    24 |    70 |    70 |       |       |       |       ||   217
         Gold dragon scale |       |       |       |   172 |   558 |  1102 |   968 |   132 ||  2932
  Dodge: Dodged            |    60 |    39 |    74 |   414 |   474 |  1102 |   911 |   121 ||  3195
         Repelled          |       |       |       |       |       |       |    35 |     3 ||    38

Levels and vault maps discovered:
D:1:      giann_bridges, layout_loops_corners, serial_shops, shop, shop_coins,
          nicolae_shop_behind_doors, nicolae_shop_behind_doors, shop,
          serial_forest, infiniplex_forest_fountain, infiniplex_forest_lined_2,
          infiniplex_forest_lined_room_, infiniplex_forest_straight_2,
          infiniplex_forest_clump_curved
D:2:      layout_loops_ring, uniq_sigmund
D:3:      layout_basic, nicolae_dithmenos_shadow_blocks,
          grunt_temple_overflow_open, lightli_sewer_entry_pipes, uniq_jessica
D:4:      layout_cave_pools, minmay_temple_entry_poolview
D:5:      layout_basic, mrwooster_statue_mirror, corner_web_ring,
          chequers_serial_rivers_micro_d, kennysheep_generic_room_8
D:6:      layout_rooms, nicolae_overflow_hidden_temple,
          mainiacjoe_overflow_six_doors_small, minmay_fractal_squares_5
D:7:      layout_basic, nicolae_qazlal_style_of_elements, gammafunk_ghost_hive,
          minmay_a_box_with_orc_wizards_in_it
D:8:      lemuel_bear_cage, layout_rooms, lemuel_doored_altar,
          serial_park_tiny_1
D:9:      layout_rooms, billiards_dpeg
D:10:     cheibrodos_elevator_heist, layout_rooms, mainiacjoe_overflow_24_doors,
          kennysheep_orc_monster_closet_entryway, uniq_lodul, uniq_maggie
D:11:     layout_irregular_city, grunt_lair_entry_orc_guard_hut, serial_demonic,
          serial_demonic_b, serial_demonic_d, serial_demonic_d,
          serial_demonic_a, serial_demonic_a, serial_demonic_a,
          serial_demonic_e, serial_demonic_g, serial_demonic_a, serial_demonic_b
D:12:     minmay_bad_star, layout_grid_maze, serial_shops, shop_fountains,
          zin_statuary
D:13:     layout_cave_pods, david_vaults_3, nicolae_shop_overcharged_wands
D:14:     layout_basic, minmay_misc_feat_ornament
D:15:     gammafunk_enter_depths_forms, layout_irregular_city,
          roderic_lattice_a, portal_ice_cave_entry_ice_simulacra
Temple:   hellmonk_temple_forest_ring
Lair:1:   layout_gridlike, lemuel_fruit_tree, uniq_harold
Lair:2:   nzn_winding_woodlands_three_and_one
          [nzn_winding_woodlands_5x15_crooked,
          nzn_winding_woodlands_5x15_split_checker,
          nzn_winding_woodlands_5x15_sidewinder,
          nzn_winding_woodlands_center_pierced_h], layout_regular_city,
          minmay_swamp_entry_worms, basic_altar, chequers_serial_rivers_micro_c,
          hibernation_bobbens
Lair:3:   layout_regular_city, spider_nest_entry_funnel_web, uniq_amaemon,
          uniq_prince_ribbit2
Lair:4:   layout_loops_ring, minmay_slime_entry_pillars
Lair:5:   grunt_lair_end_beastmaster, layout_gridlike, uniq_urug
Swamp:1:  layout_basic_swamp, hangedman_swamp_ruin_wall, swamp_pool1,
          lightli_tree_ring, uniq_louise
Swamp:2:  layout_basic_swamp, evilmike_swamp_ruin_house_6, uniq_donald
Swamp:3:  layout_falls_marsh, evilmike_swamp_ruin_rubble_2,
          infiniplex_staircase_pool
Swamp:4:  byrel_swamp_growth_death_and_undeath, layout_basic_swamp, swamp_pool5,
          hangedman_swamp_pad
Spider:1: nicolae_spider_broodchamber, ebering_ghost_reflecting_pool,
          uniq_mlioglotl
Spider:2: nicolae_spider_hilbert_zone_2 [nicolae_spider_hilbert_4_sides_1_open,
          nicolae_spider_hilbert_4_sides_1_open,
          nicolae_spider_hilbert_4_sides_1_open,
          nicolae_spider_hilbert_4_sides_1_open,
          nicolae_spider_hilbert_6_sides_1_open,
          nicolae_spider_hilbert_6_sides_1_open,
          nicolae_spider_hilbert_3_sides_1_open,
          nicolae_spider_hilbert_3_sides_1_open,
          nicolae_spider_hilbert_3_sides_1_open,
          nicolae_spider_hilbert_3_sides_1_open,
          nicolae_spider_hilbert_6_sides_1_open,
          nicolae_spider_hilbert_6_sides_1_open,
          nicolae_spider_hilbert_6_sides_1_open,
          nicolae_spider_hilbert_6_sides_1_open],
          nicolae_spider_baby_got_redback
Spider:3: layout_chambers
Spider:4: spider_rune_water
Orc:1:    layout_caves
Orc:2:    st_orc_open, layout_caves, lightli_church_of_beogh
Elf:1:    nicolae_elf_arrival_fired_up, layout_geoelf_octagon, serial_shops,
          nicolae_shop_hallway_stairs, minivault_28, minmay_shop_star
Elf:2:    nicolae_elf_blades_splatter_lattice
          [nicolae_blade_entry_floor_patterns], layout_geoelf_diagonals,
          serial_shops, nicolae_shop_temple_entry_statues_fountains,
          nicolae_lakefront_shop, shop, nicolae_shop_stone, uniq_zenata
Elf:3:    minmay_elf_hall_four_x, layout_geoelf_castle, nicolae_elf_stair_hall
Vaults:1: ontoclasm_vaults_hangar, ontoclasm_vaults_idyll,
          nicolae_vaults_bisected_exclaves, nicolae_vaults_big_ls,
          ontoclasm_vaults_gateway, nicolae_vaults_yaktaur_gun_rack,
          nicolae_vaults_rhombus_5, nicolae_vaults_three_branches, v_rooms_3,
          vaults_dpeg_emergency_exit, layout_vaults_big_room,
          nicolae_trove_entry_isolated
Vaults:2: nicolae_vaults_ninety_degrees, ontoclasm_vaults_chip, v_rooms_6,
          vaults_mumra_hex, nicolae_vaults_little_squares_6,
          minmay_crypt_entry_necro_gods, nicolae_vaults_little_squares_4,
          nicolae_vaults_ring_of_whatevers, v_misc_26, serial_ice_m,
          st_quartered_hall, nicolae_vaults_border_crossing,
          ontoclasm_vaults_misaligned, ontoclasm_vaults_ligature,
          layout_vaults_omnibox
Vaults:3: vaults_room_semicircle, nicolae_vaults_meeting,
          nicolae_vaults_little_squares_1, vaults_dpeg_encased_lava,
          layout_vaults_omnigrid, uniq_margery
Vaults:4: nicolae_vaults_network_star, v_misc_22, v_misc_1,
          dpeg_vaults_monster_box, nicolae_vaults_back_hallway,
          nicolae_vaults_circle_grid_a, v_misc_14, v_misc_16,
          ontoclasm_vaults_ring_small, ontoclasm_vaults_chip,
          layout_vaults_ring, uniq_jory, uniq_aizul
Crypt:1:  gammafunk_the_bubble [the_bubble_gammafunk_plus_minus],
          layout_regular_city, serial_glass, glass_columns_b, glass_columns_c,
          item_on_display_a, item_on_display_b, grunt_crypt_arrival_split
Crypt:2:  statuecave_lemuel, layout_regular_city, beargit_elvish_explorers
Crypt:3:  due_elkab, layout_chaotic_city, nicolae_tomb_entry_grand_gallery

Notes
Turn   | Place    | Note
-------+----------+-------------------------------------------
     0 | D:1      | demibob the Minotaur Fighter began the quest for the Orb.
     0 | D:1      | Reached XP level 1. HP: 19/19 MP: 0/0
    70 | D:1      | You fall into a shaft and drop 1 floor!
    92 | D:2      | Reached skill level 3 in Long Blades
   150 | D:2      | Reached XP level 2. HP: 25/26 MP: 1/1
   185 | D:1      | Found Rezisyor's Antique Armour Shop.
   245 | D:1      | Reached skill level 4 in Long Blades
   429 | D:1      | Reached XP level 3. HP: 31/31 MP: 2/2
   661 | D:1      | Found Qaitafo's Antique Armour Shoppe.
   687 | D:1      | Found Mong's General Store.
   785 | D:1      | Found Baupsa Qase's Magic Scroll Shop.
   791 | D:1      | Bought a scroll of identify for 24 gold pieces
   940 | D:1      | Found Caxku's Antique Weapon Emporium.
  1161 | D:2      | Noticed Sigmund
  1187 | D:2      | Reached skill level 5 in Long Blades
  1192 | D:2      | Killed Sigmund
  1193 | D:2      | Reached skill level 7 in Long Blades
  1193 | D:2      | Reached XP level 4. HP: 26/39 MP: 3/3
  1193 | D:2      | Reached XP level 5. HP: 30/45 MP: 4/4
  1990 | D:3      | Found a shadowy altar of Dithmenos.
  2231 | D:3      | Reached XP level 6. HP: 51/51 MP: 5/5
  2274 | D:3      | Reached skill level 8 in Long Blades
  2313 | D:3      | Found a glowing drain.
  2323 | Sewer    | Entered a sewer
  2361 | Sewer    | Noticed a water moccasin
  2369 | Sewer    | Killed a water moccasin
  2617 | D:3      | Noticed Jessica
  2626 | D:3      | Killed Jessica
  2627 | D:3      | Reached skill level 9 in Long Blades
  2879 | D:3      | Found a burning altar of Makhleb.
  2879 | D:3      | Found a snail-covered altar of Cheibriados.
  2881 | D:3      | Found an ancient bone altar of Kikubaaqudgha.
  2881 | D:3      | Found a glowing golden altar of the Shining One.
  2884 | D:3      | Found a sacrificial altar of Ru.
  3054 | D:4      | Reached XP level 7. HP: 57/57 MP: 6/6
  3246 | D:4      | Reached skill level 4 in Armour
  3485 | D:4      | Found a staircase to the Ecumenical Temple.
  3572 | Temple   | Entered the Ecumenical Temple
  3601 | Temple   | Became a worshipper of Gozag Ym Sagoz the Greedy
  3765 | D:5      | Entered Level 5 of the Dungeon
  3791 | D:5      | Reached skill level 10 in Long Blades
  3814 | D:4      | Reached skill level 5 in Armour
  4242 | D:5      | Reached XP level 8. HP: 39/64 MP: 7/7
  4516 | D:5      | Reached skill level 6 in Armour
  4723 | D:1      | Bought a pair of polished gloves for 218 gold pieces
  4723 | D:1      | Identified the -2 pair of gloves of Misanthropy {rC+} (You
                  | bought it in a shop on level 1 of the Dungeon)
  4983 | D:6      | Found a white marble altar of Elyvilon.
  5032 | D:6      | Reached skill level 11 in Long Blades
  5051 | D:6      | Reached skill level 7 in Armour
  5260 | D:6      | Found a glowing silver altar of Zin.
  5285 | D:6      | Reached skill level 8 in Armour
  5312 | D:6      | Reached skill level 12 in Long Blades
  5312 | D:6      | Reached XP level 9. HP: 16/70 MP: 8/8
  5502 | D:6      | Reached skill level 9 in Armour
  5814 | D:7      | Found a transporter.
  5851 | D:7      | Noticed bigduke15's ghost (novice FoFi)
  6012 | D:7      | Found a stormy altar of Qazlal.
  6038 | D:7      | Reached skill level 13 in Long Blades
  6111 | D:7      | Reached skill level 10 in Armour
  6229 | D:7      | Found a transporter.
  6883 | D:7      | Identified a potion of resistance
  6933 | D:8      | Noticed a gargoyle
  6941 | D:8      | Killed a gargoyle
  7201 | D:8      | Found a huge runed translucent gate.
  7202 | D:8      | Found a huge runed translucent gate.
  7203 | D:8      | Found a huge runed translucent gate.
  7204 | D:8      | Found a huge runed translucent gate.
  7204 | D:8      | Noticed a polar bear
  7204 | D:8      | Noticed a polar bear
  7205 | D:8      | Noticed a polar bear
  7205 | D:8      | Noticed a polar bear
  7206 | D:8      | Noticed a polar bear
  7298 | D:8      | Reached XP level 10. HP: 76/77 MP: 9/9
  7391 | D:8      | Found a shimmering altar of Xom.
  7439 | D:8      | Reached skill level 11 in Armour
  7494 | D:8      | Noticed a two-headed ogre
  7514 | D:8      | Killed a two-headed ogre
  7515 | D:8      | Reached skill level 14 in Long Blades
  7781 | D:9      | Reached skill level 12 in Armour
  7813 | D:8      | Noticed a sixfirhy
  8059 | D:9      | Paralysed by a hornet for 3 turns
  8117 | D:9      | Reached skill level 15 in Long Blades
  8529 | D:10     | Entered Level 10 of the Dungeon
  8529 | D:10     | Noticed a cyclops
  8532 | D:10     | Noticed Lodul
  8532 | D:10     | Noticed Maggie
  8533 | D:10     | Noticed a cyclops
  8536 | D:10     | Noticed a cyclops
  8536 | D:10     | Noticed a skeletal warrior
  8565 | D:10     | Reached skill level 13 in Armour
  8599 | D:10     | Reached skill level 4 in Fighting
  8703 | D:10     | Found a staircase to the Orcish Mines.
  8734 | D:10     | Reached XP level 11. HP: 55/85 MP: 10/10
  8876 | D:9      | Reached skill level 5 in Fighting
  9576 | D:10     | Reached skill level 6 in Fighting
  9901 | D:1      | Bought gold dragon scales for 1520 gold pieces
 10098 | D:10     | Noticed a centaur warrior
 10116 | D:9      | Killed Maggie
 10117 | D:9      | Reached skill level 14 in Armour
 10262 | D:9      | Reached skill level 7 in Fighting
 10365 | D:9      | Killed a centaur warrior
 10386 | D:9      | Killed a skeletal warrior
 10389 | D:9      | Reached skill level 8 in Fighting
 10520 | D:10     | Killed Lodul
 10813 | D:1      | Bought a pair of glowing gloves for 142 gold pieces
 11158 | D:10     | Reached skill level 15 in Armour
 11165 | D:10     | Reached skill level 9 in Fighting
 11305 | D:10     | Found a broken altar of Ashenzari.
 11727 | D:11     | Reached XP level 12. HP: 99/106 MP: 11/11
 12077 | D:11     | Reached skill level 10 in Fighting
 12111 | D:11     | Noticed a boulder beetle
 12224 | D:11     | Killed a boulder beetle
 12381 | D:11     | Noticed a two-headed ogre
 12399 | D:11     | Reached skill level 16 in Armour
 12436 | D:11     | Killed a two-headed ogre
 12519 | D:11     | Reached skill level 11 in Fighting
 12519 | D:11     | Noticed a boulder beetle
 12546 | D:11     | Killed a boulder beetle
 12732 | D:11     | Found a staircase to the Lair.
 13329 | Lair:1   | Entered Level 1 of the Lair of Beasts
 13334 | D:11     | Bought a scroll of enchant armour for 127 gold pieces
 13343 | Lair:1   | Noticed Harold
 13355 | Lair:1   | Killed Harold
 13356 | Lair:1   | Reached skill level 12 in Fighting
 13404 | Lair:1   | Identified the +1 ring mail of Dunaqoips {Harm Fly rPois
                  | Slay+3}
 13598 | Lair:1   | Reached skill level 17 in Armour
 14343 | Lair:2   | Reached skill level 13 in Fighting
 14351 | Lair:2   | Reached XP level 13. HP: 111/122 MP: 12/12
 14480 | Lair:2   | Found a staircase to the Swamp.
 14579 | Lair:2   | Found a sacrificial altar of Ru.
 14884 | Lair:3   | Noticed Prince Ribbit
 14907 | Lair:3   | Killed Prince Ribbit
 15309 | Lair:3   | Noticed Amaemon
 15326 | Lair:3   | Killed Amaemon
 15327 | Lair:3   | Reached skill level 18 in Armour
 15705 | Lair:3   | Found a hole to the Spider Nest.
 16304 | Lair:4   | Reached skill level 1 in Dodging
 16311 | Lair:4   | Reached skill level 16 in Long Blades
 16344 | Lair:4   | Reached skill level 2 in Dodging
 16510 | Lair:4   | Reached skill level 3 in Dodging
 16728 | Lair:4   | Reached skill level 4 in Dodging
 16873 | Lair:4   | Found a viscous altar of Jiyva.
 16874 | Lair:4   | Found a staircase to the Slime Pits.
 17236 | Lair:5   | Entered Level 5 of the Lair of Beasts
 17261 | Lair:5   | Reached skill level 5 in Dodging
 17577 | D:12     | Reached skill level 17 in Long Blades
 17664 | D:12     | Found Acoatoa's Antique Armour Boutique.
 17684 | D:12     | Reached skill level 6 in Dodging
 17888 | D:12     | Found the +3 Mad Mage's Maulers {Infuse+∞ VampMP -Cast}
 17890 | D:12     | Noticed a stone giant
 17905 | D:12     | Noticed a stone giant
 17916 | D:12     | Killed a stone giant
 17928 | D:12     | Killed a stone giant
 17931 | D:12     | Identified a scroll of acquirement
 18102 | D:12     | Reached skill level 7 in Dodging
 18102 | D:12     | Reached XP level 14. HP: 119/129 MP: 1/13
 18603 | D:12     | Identified a +1 robe of resistance
 19231 | D:12     | Found a glowing silver altar of Zin.
 19911 | D:12     | Acquired 875 gold pieces
 19940 | D:11     | Bought a scroll of magic mapping for 142 gold pieces
 19940 | D:11     | Bought a scroll of magic mapping for 142 gold pieces
 19940 | D:11     | Bought a scroll of magic mapping for 142 gold pieces
 19986 | D:13     | Found Liahao's Overcharged Wands.
 20004 | D:13     | Noticed Urug
 20007 | D:13     | Noticed Nessos
 20008 | D:13     | Noticed Rupert
 20048 | D:13     | Paralysed by Rupert for 5 turns
 20059 | D:13     | Killed Rupert
 20060 | D:13     | Reached skill level 14 in Fighting
 20074 | D:13     | Killed Nessos
 20085 | D:13     | Killed Urug
 20086 | D:13     | Reached skill level 18 in Long Blades
 20271 | D:13     | Found a gate to the Vaults.
 21030 | D:13     | Reached skill level 19 in Armour
 23016 | D:15     | Entered Level 15 of the Dungeon
 23049 | D:15     | Reached skill level 15 in Fighting
 23181 | Orc:1    | Entered Level 1 of the Orcish Mines
 23458 | Orc:1    | Noticed an orc warlord
 23470 | Orc:1    | Killed an orc warlord
 24295 | Orc:2    | Entered Level 2 of the Orcish Mines
 24306 | Orc:1    | Reached skill level 1 in Evocations
 24440 | Orc:2    | Reached skill level 19 in Long Blades
 24440 | Orc:2    | Reached skill level 2 in Evocations
 24447 | Orc:2    | Reached XP level 15. HP: 141/141 MP: 2/14
 24460 | Orc:2    | Found Nuin's General Store.
 24466 | Orc:2    | Reached skill level 3 in Evocations
 24517 | Orc:2    | Reached skill level 4 in Evocations
 24984 | Orc:2    | Found Venekka's Jewellery Emporium.
 24987 | Orc:2    | Found Waetotox's Distillery.
 24988 | Orc:2    | Found a runed translucent door.
 24988 | Orc:2    | Found Uckiyxe's Armour Shop.
 25348 | Orc:2    | Found a staircase to the Elven Halls.
 26250 | D:10     | Bought a +1 broad axe of flaming for 184 gold pieces
 26592 | Lair:2   | Reached skill level 5 in Evocations
 27089 | Lair:2   | Reached skill level 20 in Long Blades
 28684 | Lair:5   | Reached skill level 6 in Evocations
 29590 | Lair:5   | Reached skill level 20 in Armour
 30028 | D:15     | Paralysed by something for 2 turns
 30044 | D:15     | Reached skill level 16 in Fighting
 30352 | D:15     | Reached skill level 7 in Evocations
 30379 | D:15     | Reached XP level 16. HP: 105/151 MP: 2/15
 30572 | D:15     | Identified the +2 long sword of Fortitude {spect, Dex+3
                  | SInv}
 32012 | D:15     | Found a staircase to the Depths.
 32018 | D:15     | Reached skill level 8 in Evocations
 32335 | D:14     | Upgraded the game from 0.30-a0-793-g160f7cfddd to
                  | 0.30-a0-799-g109b55a442
 32568 | Spider:1 | Entered Level 1 of the Spider Nest
 33381 | Spider:1 | Reached skill level 17 in Fighting
 33516 | Spider:1 | Noticed Mlioglotl
 33534 | Spider:1 | Killed Mlioglotl
 33935 | Spider:1 | Found a runed translucent door.
 33936 | Spider:1 | Noticed Soil's ghost (journeyman NaFi)
 33953 | Spider:1 | Killed Soil's ghost
 34161 | Spider:1 | Reached skill level 21 in Armour
 34624 | Spider:1 | Acquired the +1 hat of the Armadillo {rCorr Slay+3}
 35125 | Spider:2 | Reached skill level 9 in Evocations
 37963 | Spider:2 | Reached skill level 18 in Fighting
 37968 | Spider:2 | Reached XP level 17. HP: 163/163 MP: 1/16
 39724 | Spider:3 | Reached skill level 10 in Evocations
 41683 | Spider:4 | Entered Level 4 of the Spider Nest
 41764 | Spider:4 | Reached skill level 22 in Armour
 43054 | Spider:4 | Reached skill level 19 in Fighting
 43077 | Spider:4 | Reached skill level 11 in Evocations
 45350 | Spider:4 | Identified a scarf of resistance
 45364 | Spider:4 | Identified a scarf of resistance
 45375 | Spider:4 | Got a gossamer rune of Zot
 45597 | Vaults:1 | Entered Level 1 of the Vaults
 45850 | Vaults:1 | Reached XP level 18. HP: 66/176 MP: 1/17
 46266 | Vaults:1 | Found a portal to a secret trove of treasure.
 46765 | Vaults:1 | Reached skill level 8 in Dodging
 47859 | Vaults:1 | Reached skill level 12 in Evocations
 48324 | Vaults:1 | Identified the +6 arbalest "Widowmaker" {flame, Int+2}
 48330 | Vaults:1 | Identified the +2 arbalest of Coarocs {antimagic, +Blink
                  | rElec Dex-5}
 48600 | Vaults:2 | Found a staircase to the Crypt.
 48600 | Vaults:2 | Found an ancient bone altar of Kikubaaqudgha.
 48601 | Vaults:2 | Found a basalt altar of Yredelemnul.
 48607 | Vaults:2 | Reached skill level 20 in Fighting
 48912 | Vaults:2 | Reached skill level 9 in Dodging
 49328 | Vaults:2 | Paralysed by a great orb of eyes for 5 turns
 49515 | Vaults:2 | Reached skill level 10 in Dodging
 49638 | Vaults:2 | Noticed a golden dragon
 49647 | Vaults:2 | Killed a golden dragon
 49893 | Vaults:2 | Identified the +5 long sword of Ezoucy {protect, Int+3}
 49931 | Vaults:2 | Identified the +1 chain mail "Pepot" {rN+}
 50611 | Vaults:2 | Reached skill level 13 in Evocations
 52080 | Vaults:3 | Reached skill level 21 in Fighting
 52367 | Vaults:3 | Reached XP level 19. HP: 189/189 MP: 4/18
 52564 | Vaults:3 | Paralysed by a sphinx for 5 turns
 53239 | Vaults:3 | Got the Volume of the Weathered Curse
 53242 | Vaults:3 | Got Dukeh's Tractate on the Charming Wendigo
 53400 | Vaults:3 | Reached skill level 23 in Armour
 54211 | Vaults:4 | Noticed Aizul
 54216 | Vaults:4 | Killed Aizul
 54843 | Vaults:4 | Reached skill level 22 in Fighting
 55978 | Vaults:4 | Reached skill level 24 in Armour
 56188 | Vaults:4 | Noticed Jory
 56199 | Vaults:4 | Killed Jory
 57001 | Elf:1    | Entered Level 1 of the Elven Halls
 57113 | Elf:1    | Found Rabueri's Jewellery Boutique.
 57128 | Elf:1    | Found Qote's Weapon Shop.
 57143 | Elf:1    | Found Qeiptam's Assorted Antiques.
 57355 | Elf:1    | Bought a scroll of enchant armour for 232 gold pieces
 57715 | Elf:1    | Reached skill level 23 in Fighting
 57738 | Elf:1    | Reached XP level 20. HP: 175/203 MP: 5/19
 57978 | Elf:1    | Found Padud's Armour Boutique.
 58833 | Elf:2    | Found Yrchext's Magic Scroll Shop.
 58834 | Elf:2    | Found Giept's Jewellery Shop.
 58840 | Elf:2    | Bought a scroll of enchant armour for 105 gold pieces
 59002 | Elf:2    | Found Juppiyly's Distillery.
 59010 | Elf:2    | Bought a potion of heal wounds for 65 gold pieces
 59010 | Elf:2    | Bought a potion of heal wounds for 65 gold pieces
 59010 | Elf:2    | Bought a potion of might for 52 gold pieces
 59010 | Elf:2    | Bought a potion of curing for 39 gold pieces
 59010 | Elf:2    | Bought a potion of curing for 39 gold pieces
 59695 | Elf:2    | Found Kex Ledu's Jewellery Shop.
 60014 | Elf:2    | Reached skill level 25 in Armour
 60113 | Elf:2    | Found a runed translucent gate.
 60113 | Elf:2    | Found a runed translucent gate.
 60140 | Elf:2    | Found a runed translucent gate.
 60200 | Elf:2    | Bought the amulet of the Air {Inacc Air Fly rElec RMsl} for
                  | 526 gold pieces
 60200 | Elf:2    | Found the amulet of the Air {Inacc Air Fly rElec RMsl}
 61004 | Elf:2    | Reached skill level 11 in Dodging
 61022 | Elf:3    | Entered Level 3 of the Elven Halls
 62873 | Elf:3    | Identified the +4 chain mail "Icurat" {rN+}
 63615 | Elf:3    | Reached skill level 12 in Dodging
 63764 | Elf:3    | Identified the +1 war axe of Tygioc {heavy, Dex+3}
 64039 | Elf:3    | Identified the ring "Imaxivud" {rPois Will+ rCorr Int+4}
 64061 | Elf:3    | Identified the +2 broad axe of the Bashing Tiger
                  | {antimagic, Dex+3 Stlth+}
 64076 | Elf:3    | Reached skill level 21 in Long Blades
 64293 | Elf:3    | Got the Codex of Dislocation
 64318 | Elf:3    | Got the Vellum of Transition and Air
 64323 | Elf:3    | Got the Folio of Confrontation
 64481 | Elf:3    | Identified the +1 chain mail of the Black Moon {rElec rF+
                  | Str+3 Int+3}
 65003 | Swamp:1  | Entered Level 1 of the Swamp
 65004 | Swamp:1  | Noticed Louise
 65013 | Swamp:1  | Killed Louise
 65026 | Swamp:1  | Reached skill level 13 in Dodging
 66429 | Swamp:1  | Reached XP level 21. HP: 194/213 MP: 4/20
 66531 | Swamp:1  | Identified the ring of Qurr {rN+ Dex+6}
 67181 | Swamp:2  | Noticed Donald
 67198 | Swamp:2  | Killed Donald
 68351 | Swamp:3  | Reached skill level 14 in Dodging
 68825 | Swamp:4  | Entered Level 4 of the Swamp
 69133 | Swamp:4  | Reached skill level 22 in Long Blades
 70534 | Swamp:4  | Paralysed by something for 3 turns
 70554 | Swamp:4  | Reached skill level 15 in Dodging
 71322 | Swamp:4  | Identified a +1 robe of resistance
 71349 | Swamp:4  | Found a blossoming altar of Fedhas.
 71562 | Swamp:4  | Found a basalt altar of Yredelemnul.
 71576 | Swamp:4  | Got a decaying rune of Zot
 72473 | Crypt:1  | Entered Level 1 of the Crypt
 73239 | Crypt:1  | Reached skill level 23 in Long Blades
 74331 | Crypt:1  | Reached skill level 16 in Dodging
 74507 | Crypt:1  | Noticed a dread lich
 74521 | Crypt:1  | Noticed a curse skull
 74537 | Crypt:1  | Killed a curse skull
 74715 | Crypt:1  | Noticed a curse skull
 74912 | Crypt:1  | Noticed a dread lich
 74916 | Crypt:1  | Noticed a dread lich
 74929 | Crypt:1  | Found a transporter.
 75308 | Crypt:1  | Found a transporter.
 76561 | Crypt:2  | Reached XP level 22. HP: 206/207 MP: 3/21
 77267 | Crypt:3  | Entered Level 3 of the Crypt
 77294 | Crypt:2  | >>wtf
 77302 | Crypt:2  | Reached skill level 17 in Dodging
 77306 | Crypt:2  | HP: 20/306 [???[a doom hound] (18)]
 77310 | Crypt:2  | Reached skill level 24 in Long Blades
 77312 | Crypt:2  | HP: 7/209 [Tzitzimitl[a doom hound] (2)]
 77317 | Crypt:2  | HP: 4/200 [Tzitzimitl/bolt of negative energy[a doom hound]
                  | (17)]
 77324 | Crypt:2  | HP: 20/200 [???[a doom hound] (17)]
 77326 | Crypt:2  | HP: 8/200 [???[a doom hound] (5)]
 77329 | Crypt:2  | HP: 3/200 [eidolon (14)]
 77330 | Crypt:2  | >>how
 77330 | Crypt:2  | Killed from afar by a Tzitzimitl

Vanquished Creatures
  Jory (Vaults:4)
  A golden dragon (Vaults:2)
  A bone dragon (Crypt:2)
  A Tzitzimitl (Crypt:2)
  A doom hound (Crypt:2)
  A shard shrike zombie (Crypt:1)
  Rupert (D:13)
  Mlioglotl (Spider:1)
  A lich (Vaults:4)
  2 deep elf master archers (Elf:3)
  5 ancient champions
  A deep elf blademaster (Elf:3)
  5 sphinxes
  5 thorn hunters (Swamp:4)
  A revenant (Crypt:2)
  A fenstrider witch (Swamp:2)
  Aizul (Vaults:4)
  10 deep elf sorcerers
  A ghost moth (shapeshifter) (Vaults:2)
  6 emperor scorpions
  An orc warlord (Orc:1)
  10 vault wardens
  A curse skull (Crypt:1)
  8 ghost moths
  Louise (Swamp:1)
  11 ironbound preservers
  6 deep elf elementalists (Elf:3)
  A war gargoyle (Vaults:4)
  3 ghouls
  13 very ugly things
  2 stone giants (D:12)
  5 broodmothers
  8 deep elf demonologists
  8 ironbound thunderhulks
  Nessos (D:13)
  2 spectral hellephants (Crypt:2)
  6 vampire knights
  6 deep elf annihilators
  14 dire elephants
  4 spark wasps
  An eidolon (Crypt:2)
  2 spectral elves (Crypt:2)
  The ghost of Soil the Covert, a journeyman NaFi of Hepliaklqana (Spider:1)
  4 bunyips
  A crystal guardian (Vaults:4)
  2 ettins
  7 deep elf death magi
  3 jiangshi
  4 deep elf high priests
  9 vault guards
  3 great orbs of eyes
  7 yaktaur captains
  7 entropy weavers
  3 rakshasas
  Harold (Lair:1)
  13 hydras
  A peacekeeper (Vaults:4)
  A fenstrider witch zombie (Crypt:1)
  6 boulder beetles
  2 ghost crabs (Swamp:4)
  4 ironbound frosthearts
  2 catoblepae (Lair:5)
  5 ogre magi
  A jorogumo (Spider:4)
  A spriggan skeleton (Crypt:1)
  17 centaur warriors
  13 alligators
  4 death knights
  A deep troll shaman (Lair:5)
  5 vampire magi
  2 tengu warriors
  4 death yaks (Lair:5)
  16 two-headed ogres
  Urug (D:13)
  20 dancing weapons
  2 orc high priests
  2 deep troll earth magi
  Amaemon (Lair:3)
  16 deep elf knights
  9 pharaoh ants
  22 skeletal warriors
  A sixfirhy (D:11)
  Lodul (D:10)
  5 goliath frogs
  3 glowing orange brains
  8 swamp dragons
  An anaconda zombie (Crypt:1)
  An iron troll (Orc:2)
  An orb spider (shapeshifter) (Elf:1)
  3 flayed ghosts
  19 deep trolls
  6 spriggan druids
  11 orb spiders
  3 lindwurms
  15 deep elf archers
  2 orc knights
  A spriggan simulacrum (D:15)
  8 steelbarb worms
  12 ironbound convokers
  4 spectral hydras (Swamp:4)
  9 phantasmal warriors
  8 bog bodies
  A harpy (shapeshifter) (D:14)
  2 necromancers
  6 wizards
  A shadow dragon zombie (Crypt:1)
  5 harpies (Vaults:3)
  A steelbarb worm (shapeshifter) (Elf:1)
  28 deep elf pyromancers
  2 orc sorcerers
  A jorogumo zombie (Crypt:1)
  39 ugly things
  3 moths of wrath
  21 deep elf zephyrmancers
  19 wolf spiders
  A cyclops (shapeshifter) (D:13)
  10 cyclopes
  3 oklob plants (Swamp:4)
  3 manticores
  5 will-o-the-wisps
  2 rust devils (D:11)
  13 elephants
  36 slime creatures
  A moth of wrath (shapeshifter) (D:13)
  14 vault sentinels
  An eye of devastation (shapeshifter) (D:15)
  2 orange demons
  6 black mambas
  7 demonic crawlers
  4 torpor snails
  A molten gargoyle (Lair:4)
  3 gargoyles
  12 cane toads
  An unseen horror (shapeshifter) (D:12)
  A white draconian zombie (Crypt:2)
  3 kobold demonologists
  8 komodo dragons
  Maggie (D:9)
  A rime drake (Lair:5)
  2 unseen horrors
  4 tengu conjurers
  An efreet (D:15)
  21 yaktaurs
  A green draconian skeleton (Crypt:1)
  A red devil (D:11)
  15 trolls
  An anaconda simulacrum (D:15)
  5 ice devils
  A death drake zombie (Swamp:4)
  5 freezing wraiths
  6 hydra zombies (Swamp:4)
  A yellow draconian skeleton (Crypt:1)
  7 polar bears
  A harpy zombie (Crypt:1)
  17 tyrant leeches
  A hornet (shapeshifter) (D:15)
  19 hornets
  3 hellwings (D:11)
  36 blink frogs
  35 tarantellas
  Prince Ribbit (Lair:3)
  4 dream sheep (Lair:5)
  A vampire (D:12)
  9 flying skulls
  Sigmund (D:2)
  11 wraiths
  42 jumping spiders
  A shadow (D:9)
  28 culicivoras
  2 dire elephant simulacra (D:15)
  12 spriggans
  3 water elementals
  3 wyverns
  16 humans (D:13)
  A human (shapeshifter) (Elf:1)
  34 yaks
  A fire elemental (Elf:1)
  A neqoxec (D:11)
  5 vampire mosquitoes
  5 basilisks
  3 chaos spawn (D:11)
  2 minotaur simulacra (D:15)
  69 redbacks
  2 steam dragons
  A demonspawn zombie (Crypt:2)
  16 swamp worms
  4 wargs
  An acid dragon (D:12)
  2 hydra simulacra (Swamp:4)
  14 water moccasins
  9 swamp drakes
  2 sky beasts
  21 orc warriors
  An ettin simulacrum (Crypt:1)
  A black bear (D:11)
  2 ice beasts (D:6)
  19 wolves
  35 ogres
  7 centaurs
  A draconian zombie (Crypt:2)
  A hog skeleton (Crypt:2)
  3 kobold brigands
  A wyvern zombie (Crypt:1)
  11 bullfrogs
  A vine stalker zombie (Crypt:1)
  4 scorpions
  An earth elemental (Elf:1)
  A necrophage (Crypt:2)
  2 deep troll simulacra (D:15)
  A two-headed ogre simulacrum (Crypt:1)
  8 gnoll sergeants
  A wyvern skeleton (Crypt:2)
  7 wights (D:8)
  13 killer bees
  A howler monkey (D:9)
  A shapeshifter skeleton (Crypt:2)
  A wolf zombie (Crypt:2)
  2 electric eels (Elf:3)
  6 quasits (D:11)
  7 hounds
  5 jellies
  13 orc priests
  Jessica (D:3)
  A scorpion zombie (Crypt:2)
  2 iguanas (D:7)
  27 orc wizards
  30 gnolls
  8 adders
  4 river rats (D:3)
  A white imp (D:6)
  An ufetubus (Vaults:2)
  3 worms (D:3)
  2 dart slugs
  61 orcs
  4 ball pythons
  12 bats
  8 endoplasms
  4 giant cockroaches
  2 goblins
  12 hobgoblins
  3 jackals (D:1)
  22 kobolds
  A quokka (D:1)
  A frilled lizard (D:1)
  8 rats
  2 briar patches (Swamp:4)
1661 creatures vanquished.

Vanquished Creatures (collateral kills)
  An ironbound frostheart (Vaults:2)
  An ugly thing (Vaults:2)
2 creatures vanquished.

Vanquished Creatures (others)
  Donald (Swamp:2)
  An alligator (Swamp:2)
  A deep elf knight (Elf:1)
  2 deep elf pyromancers (Elf:1)
  A gnoll sergeant (D:7)
  A gnoll (D:7)
  4 briar patches (Swamp:4)
  6 demonic plants (D:11)
  6 foxfires (Swamp:3)
  44 fungi
  52 plants
119 creatures vanquished.

Grand Total: 1782 creatures vanquished

Table legend: (Time is in decaauts)
 A = Elapsed time spent in this place.
 B = Non-inter-level travel time spent in this place.
 C = Inter-level travel time spent in this place.
 D = Time resting spent in this place.
 E = Time spent auto-exploring this place.
 F = Levels seen in this place.
 G = Mean time per level.
                   A        B        C        D        E       F      G
               +--------+--------+--------+--------+--------+-----+--------+
         Total |  76206 |  71609 |   4597 |  11420 |  50212 |  42 | 1814.4 |
       Dungeon |  21374 |  19383 |   1991 |   2763 |  13268 |  15 | 1424.9 |
        Temple |     40 |     29 |     11 |      0 |     18 |   1 |   40.0 |
          Lair |   8399 |   7386 |   1013 |    417 |   5940 |   5 | 1679.8 |
         Swamp |   6960 |   6721 |    239 |    564 |   5393 |   4 | 1740.0 |
   Spider Nest |  12313 |  12103 |    210 |   1510 |   9233 |   4 | 3078.2 |
  Orcish Mines |   3130 |   2874 |    256 |    855 |   1657 |   2 | 1565.0 |
   Elven Halls |   7775 |   7438 |    337 |   1789 |   4564 |   3 | 2591.7 |
        Vaults |  12093 |  11639 |    454 |   2666 |   7763 |   4 | 3023.2 |
         Crypt |   3902 |   3820 |     82 |    819 |   2244 |   3 | 1300.7 |
         Sewer |    216 |    216 |      0 |     35 |    130 |   1 |  216.0 |
               +--------+--------+--------+--------+--------+-----+--------+

Top non-repeatable levels by time:
Vaults:2: 4241 daAuts
Spider:2: 3864 daAuts
   Elf:3: 3695 daAuts
Spider:4: 3674 daAuts
 Swamp:4: 3132 daAuts
Vaults:1: 3030 daAuts
Vaults:4: 2794 daAuts
Spider:3: 2532 daAuts
    D:12: 2472 daAuts
    D:15: 2314 daAuts
  Lair:2: 2306 daAuts
 Crypt:1: 2279 daAuts
Spider:1: 2242 daAuts
   Elf:1: 2066 daAuts
Vaults:3: 2027 daAuts

Table legend:
 A = Non-vault XP
 B = Vault XP
 C = Vault XP percentage of total XP
 D = Non-vault monster count
 E = Vault monster count
 F = Vault count percentage of total count
                 A         B        C        D         E       F
            +---------+---------+-------+---------+---------+-------
      Total |  455120 |  277365 |  37.9 |    1139 |     528 |  31.7
            +---------+---------+-------+---------+---------+-------
        D:1 |      56 |       0 |   0.0 |      31 |       0 |   0.0
        D:2 |      36 |     223 |  86.1 |      12 |       1 |   7.7
        D:3 |      90 |     122 |  57.5 |      15 |      11 |  42.3
        D:4 |     493 |       0 |   0.0 |      15 |       0 |   0.0
        D:5 |     390 |       0 |   0.0 |      14 |       0 |   0.0
        D:6 |    1801 |     117 |   6.1 |      19 |       5 |  20.8
        D:7 |    1037 |      71 |   6.4 |      18 |       2 |  10.0
        D:8 |    3060 |       0 |   0.0 |      29 |       0 |   0.0
        D:9 |    1883 |    4076 |  68.4 |      22 |      18 |  45.0
       D:10 |    3109 |    4083 |  56.8 |      37 |      21 |  36.2
       D:11 |    3831 |    6292 |  62.2 |      10 |      27 |  73.0
       D:12 |    4285 |    8315 |  66.0 |      14 |      12 |  46.2
       D:13 |    7600 |    7753 |  50.5 |      20 |      20 |  50.0
       D:14 |    7651 |       0 |   0.0 |      17 |       0 |   0.0
       D:15 |   22115 |    7217 |  24.6 |      42 |      18 |  30.0
     Lair:1 |    4277 |     863 |  16.8 |      17 |       1 |   5.6
     Lair:2 |    7974 |    5969 |  42.8 |      26 |      20 |  43.5
     Lair:3 |    3861 |    2929 |  43.1 |      16 |       8 |  33.3
     Lair:4 |    8463 |     561 |   6.2 |      32 |       3 |   8.6
     Lair:5 |   11272 |    8018 |  41.6 |      40 |      17 |  29.8
    Swamp:1 |   13621 |    1161 |   7.9 |      34 |       1 |   2.9
    Swamp:2 |   12604 |    1050 |   7.7 |      22 |       1 |   4.3
    Swamp:3 |   10992 |       0 |   0.0 |      20 |       0 |   0.0
    Swamp:4 |   17395 |   29747 |  63.1 |      33 |      48 |  59.3
   Spider:1 |   11903 |    8049 |  40.3 |      37 |       9 |  19.6
   Spider:2 |   15586 |    8879 |  36.3 |      47 |      26 |  35.6
   Spider:3 |   20170 |       0 |   0.0 |      38 |       0 |   0.0
   Spider:4 |   27742 |   17995 |  39.3 |      71 |      37 |  34.3
      Orc:1 |    5537 |       0 |   0.0 |      39 |       0 |   0.0
      Orc:2 |    1032 |   17180 |  94.3 |      19 |      51 |  72.9
      Elf:1 |   21081 |    8618 |  29.0 |      35 |      15 |  30.0
      Elf:2 |   18542 |   13188 |  41.6 |      28 |      17 |  37.8
      Elf:3 |   15545 |   38206 |  71.1 |      31 |      34 |  52.3
   Vaults:1 |   24909 |    3831 |  13.3 |      38 |       8 |  17.4
   Vaults:2 |   24222 |   34044 |  58.4 |      34 |      47 |  58.0
   Vaults:3 |   23196 |    8560 |  27.0 |      33 |       9 |  21.4
   Vaults:4 |   29577 |   23370 |  44.1 |      34 |      25 |  42.4
    Crypt:1 |   38380 |       0 |   0.0 |      60 |       0 |   0.0
    Crypt:2 |   29802 |    6713 |  18.4 |      40 |       6 |  13.0
      Sewer |       0 |     165 | 100.0 |       0 |      10 | 100.0
            +---------+---------+-------+---------+---------+-------
